Mourne, chaotic male orcish Priest ------------ |..........| ------------- ##...........| |...........| # # |..........| |...........| f ------- ### |..........| #.............# @ |.....| ------- # -------.---- ###|...........|# # |.....| |.....-## # # -------------# d |.....| |...>.| # ### # # |.....-#####......| # # # # |.....| |.....| # ### # # ----.-- ------- ### # ## # # # # ### #---.-# ################################# # #|...|# -.--+-.-# #....|# |<......# |....# |[.....| -.--- |......| -------- Mourne the Acolyte Experience level: 3 Strength: 13 Dexterity: 14 Constitution: 13 Intelligence: 9 Wisdom: 16 Charisma: 10 Health: 0(27) Energy: 24(24) Def: 3 Gold: 432 Moves: 1212 Dungeon seed: csmGggcdV_qIRBpR Game ID: Mourne_1520706743 Your Inventory: Coins $ - 432 gold pieces Weapons a - a blessed +1 mace (weapon in hand) p - 11 uncursed +0 darts (in quiver) Armor e - an uncursed +0 robe (being worn) n - an uncursed +0 orcish shield (being worn) Comestibles c - 2 uncursed cloves of garlic d - 2 uncursed sprigs of wolfsbane i - 2 uncursed eggs j - 2 uncursed tripe rations r - 4 uncursed food rations Scrolls k - an uncursed scroll of blank paper o - an uncursed scroll of remove curse u - an uncursed scroll of confuse monster v - an uncursed scroll of gold detection Spellbooks f - a blessed spellbook of stone to flesh g - a blessed spellbook of identify Potions b - 4 potions of holy water l - an uncursed potion of fruit juice m - an uncursed potion of full healing t - an uncursed potion of enlightenment w - an uncursed potion of restore ability x - an uncursed potion of wonder z - an uncursed potion of water Rings q - an uncursed ring of stealth Tools h - an uncursed oil lamp (0:1211) s - a blessed magic lamp Spells and supernatural/magical abilities: Name Level Category Fail Memory W - pray for help -- divine ? -- X - turn undead -- divine ? -- Your skills at the end: Fighting Skills wands [Basic] Weapon Skills mace [Basic] Spellcasting Skills clerical spells [Basic] Final Attributes: You were immune to poison. You had infravision. You are dead. Vanquished creatures: a shrieker 2 coyotes a hobbit a yellow mold 3 geckos 4 jackals 2 kobolds a goblin 6 grid bugs 5 newts 26 creatures vanquished. Voluntary challenges: You were an atheist. You used a wielded weapon 28 times, starting on turn 5. You were illiterate. You never genocided any monsters. You never polymorphed an object. You never changed form. You used no wishes. You never split a pudding. You never wrote Elbereth's name. You never violated your personal moral code. Dungeon overview: The Dungeons of Doom: levels 1 to 5 Level 1 a long staircase Level 2 a fountain a long staircase Level 3 a scroll shop, some fountains Level 4 a fountain Level 5 <- You were here History has recorded: On T:1 you entered the Dungeons of Doom to retrieve the Amulet of Yendor! On T:93 you reached level 2 of The Dungeons of Doom. On T:467 you reached level 3 of The Dungeons of Doom. On T:689 you advanced to experience level 2. On T:788 you reached level 4 of The Dungeons of Doom. On T:997 you advanced to experience level 3. On T:1034 you reached level 5 of The Dungeons of Doom. Score breakdown: Gold: 432 ( 8968 points) Experience: 3 levels ( 7878 points) Exploration: 5 levels ( 10.87%) ( 8944 points) Discoveries: 1 item ( 0.35%) ( 1764 points) Valuables value: (no points given unless you survive) Artifact value: 0 ( 0 points) Variety of kills: 10 monsters ( 2.63%) ( 4866 points) Turncount: 1212 turns ( 0 points) Survival: died (score multiplied by 80%) Total score: 25936 Latest messages: You hear water falling on coins. There must be a fountain on the level. The shrieker shrieks. You miss the shrieker. Doggo bites the shrieker. (2x) You hit the shrieker. Doggo bites the shrieker. The shrieker is killed! $ - 11 gold pieces. You displace Doggo. z - an uncursed potion of water. You displace Doggo. You hit the kitten! The kitten bites! (2x) You are beginning to feel hungry. You miss the kitten. The kitten bites! You miss the kitten. The kitten bites! (2x) You stop. Doggo is in the way! The kitten bites! (2x) You die... Final status: Goodbye Mourne the Priest, killed by a kitten... You died in The Dungeons of Doom on dungeon level 5 with 25936 points, and 432 pieces of gold, after 1212 moves. You were level 3 with a maximum of 27 hit points when you died.